 Dungeon Crawl Stone Soup version 0.30-a0-965-g42e074c17a (webtiles) character file.

Game seed: 6484724719335810211

6851 jasper the Destroyer (level 10, -5/86 HPs)
             Began as a Yellow Draconian Conjurer on Mar 30, 2023.
             Was a Believer of Vehumet.
             Slain by a yak (11 damage)
             ... on level 10 of the Dungeon.
             The game lasted 00:18:51 (11632 turns).

jasper the Destroyer (Yellow Draconian Conjurer)   Turns: 11632, Time: 00:18:52

Health: -5/86      AC:  8    Str: 10    XL:     10   Next: 78%
Magic:  4/19       EV: 18    Int: 22    God:    Vehumet [**....]
Gold:   81         SH:  0    Dex: 10    Spells: 3/22 levels left

rFire   . . .      SeeInvis .    u - +1 scythe (freeze)
rCold   . . .      Faith    .    (shield currently unavailable)
rNeg    . . .      Spirit   .    (body armour unavailable)
rPois   .          Reflect  .    (helmet restricted)
rElec   .          Rampage  .    v - scarf {repulsion}
rCorr   +                        (no gloves)
Will    .....                    q - +0 pair of boots
Stlth   ++                       (no amulet)
HPRegen 0.34/turn                o - +5 ring of evasion
MPRegen 0.16/turn                (no ring)

@: repel missiles
A: spit acid, AC +7, unfitting armour, cold-blooded, acid resistance
a: Breathe Acid, Renounce Religion


You were on level 10 of the Dungeon.
You worshipped Vehumet.
Vehumet was pleased with you.
You visited 3 branches of the dungeon, and saw 12 of its levels.
You also visited: Sewer.

You collected 501 gold pieces.
You spent 420 gold pieces at shops.

Inventory:

Hand Weapons
 b - a +0 spear
 u - a +1 scythe of freezing (weapon)
Missiles
 h - 36 poisoned darts
Armour
 q - a +0 pair of boots (worn)
 r - a +0 kite shield
 v - a scarf of repulsion (worn)
Jewellery
 o - a +5 ring of evasion (left hand)
 z - a ring of ice
Wands
 e - a wand of digging (5)
 j - a wand of mindburst (21)
 m - a wand of light (5)
 t - a wand of flame (58)
Scrolls
 f - 2 scrolls of blinking
 g - 2 scrolls of poison
 p - 5 scrolls of teleportation
Potions
 a - a potion of magic
 c - 4 potions of curing
 d - a potion of invisibility
 k - 2 potions of heal wounds
 l - 2 potions of degeneration
 n - 2 potions of lignification
 s - 2 potions of mutation
 w - a potion of haste
Miscellaneous
 x - a tin of tremorstones (2/2)


   Skills:
 + Level 7.2 Fighting
 + Level 6.4 Dodging
 - Level 1.7 Stealth
 + Level 6.5 Spellcasting
 * Level 10.6 Conjurations
 - Level 2.0 Hexes
 - Level 2.0 Translocations
 * Level 5.4 Fire Magic


You had 3 spell levels left.
You knew the following spells:

 Your Spells              Type           Power      Damage    Failure   Level
a - Fireball              Conj/Fire      21%        3d10      9%          5
b - Searing Ray           Conj           100%       2d8       1%          2
c - Fulminant Prism       Conj/Hex       17%        3d10      6%          4
d - Iskenderun's Mystic   Conj/Tloc      35%        2d8       6%          4
e - Sticky Flame          Conj/Fire      42%        2d6       3%          4

Your spell library contained the following spells:

 Spells                   Type           Power      Damage    Failure   Level
 Stone Arrow              Conj/Erth      60%        3d10      3%          3
 Foxfire                  Conj/Fire      100%       2x1d6     1%          1
 Magic Dart               Conj           100%       1d8       1%          1
 Dazzling Flash           Conj/Hex       70%        N/A       1%          3
 Summon Small Mammal      Summ           28%        N/A       9%          1
 Ignite Poison            Fire/Tmut/Pois 15%        N/A       12%         3
 Portal Projectile        Hex/Tloc       30%        N/A       12%         3
 Summon Guardian Golem    Hex/Summ       11%        N/A       17%         3
 Call Canine Familiar     Summ           7%         N/A       26%         3
 Cause Fear               Hex            7%         N/A       36%         4
 Starburst                Conj/Fire      21%        6d7       43%         6
 Leda's Liquefaction      Hex/Erth       5%         N/A       50%         4
 Dragon Form              Tmut           3%         N/A       100%        7
 Ignition                 Fire           15%        3d6       100%        8
 Dragon's Call            Summ           3%         N/A       100%        9


Dungeon Overview and Level Annotations

Branches:
Dungeon (10/15)            Temple (1/1) D:5            Lair (0/5) D:9
    Orc (1/2) D:9           Sewer (visited)

Altars:
Ashenzari
Dithmenos
Elyvilon
Fedhas
Gozag
Hepliaklqana
Kikubaaqudgha
Nemelex Xobeh
Qazlal
Ru
Sif Muna
Trog
Uskayaw
Vehumet
Wu Jian
Yredelemnul
The Shining One

Shops:
D:6 ?

Portals:
Bailey: D:10

Annotations:
D:5 3 runed translucent doors, Nabski's ghost, amateur TeFE


Innate Abilities, Weirdness & Mutations

You can spit globs of acid.
Your golden yellow scales are hard. (AC +7)
You cannot fit into any form of body armour.
You are cold-blooded and may be slowed by cold attacks.
You are resistant to acid. (rCorr)


Message History

The yak is almost dead. (Press . to maintain the ray.)
The troll bites you. The troll claws you! The troll completely misses you.
You take 14 damage, and have 41/86 hp.
You now have 4/19 mp.
The searing ray hits the troll!
The troll is almost dead.
The searing ray hits the yak.
The yak is severely wounded.
The searing ray hits the yak!
You kill the yak!
Vehumet accepts your kill. The troll bites you! The troll closely misses you.
The troll misses you.
You take 11 damage, and have 30/86 hp.
You now have 3/19 mp.
The searing ray hits the troll.
The troll is almost dead.
The searing ray hits the yak!
You kill the yak!
Vehumet accepts your kill.
Vehumet offers you knowledge of Stone Arrow.
You feel your power returning.
The searing ray hits the dart slug!
You kill the dart slug!
Vehumet accepts your kill. The troll bites you!
* * * LOW HITPOINT WARNING * * *
The troll completely misses you. The troll claws you.
* * * LOW HITPOINT WARNING * * *
You take 12 damage, and have 18/86 hp.
The searing ray hits the troll!
You kill the troll!
Vehumet accepts your kill.
The searing ray hits the yak.
The yak is lightly wounded.
You finish channelling your searing ray.
You now have 3/19 mp.
You hit the yak but do no damage.
The yak is lightly wounded.
The yak gores you!
* * * LOW HITPOINT WARNING * * *
The yak gores you!
You die...

.... .~~~ ~≈≈ ~w ##~
# #.# #.######.###.#
##....@Y††....# .
........Y###.####....
..............YY...).
....#.....#..###Y.)∩)
...###...###...# .).
#...#..#..#....# .
#.#....#.......#
#......###.#..##
#......<#...#.#


You could see 2 yaks.

Vanquished Creatures
  A two-headed ogre (D:9)
  A kobold demonologist (D:6)
  A komodo dragon (D:9)
  A troll (D:10)
  Sigmund (D:5)
  A vampire (D:9)
  3 yaks (D:10)
  2 wyverns (D:8)
  A steam dragon (D:9)
  Menkaure (D:5)
  2 water moccasins
  Duvessa (D:7)
  2 ice beasts (D:6)
  4 orc warriors
  A black bear (D:9)
  A sky beast (D:7)
  6 centaurs
  2 ogres
  A phantom (D:6)
  9 bullfrogs
  3 kobold brigands (D:9)
  5 scorpions
  3 wights (D:8)
  Dowan (D:7)
  3 killer bees (D:10)
  4 jellies
  3 orc priests
  3 hounds
  A gnoll bouda (D:5)
  A scorpion zombie (D:3)
  2 sleepcaps
  5 iguanas
  6 orc wizards
  Robin (D:3)
  6 gnolls
  12 adders
  A white imp (D:5)
  2 ufetubi
  An adder zombie (D:3)
  5 worms
  3 dart slugs
  27 orcs
  9 bats
  11 endoplasms
  9 giant cockroaches
  11 goblins
  8 hobgoblins
  10 jackals
  15 quokkas
  7 ball pythons
  8 frilled lizards (Sewer)
  A giant cockroach zombie (D:3)
  18 kobolds
  A quokka zombie (D:3)
  5 rats
253 creatures vanquished.

Vanquished Creatures (others)
  38 fungi (D:9)
  29 plants (D:9)
67 creatures vanquished.

Grand Total: 320 creatures vanquished

Notes
Turn   | Place    | Note
-------+----------+-------------------------------------------
     0 | D:1      | jasper the Draconian Conjurer began the quest for the Orb.
     0 | D:1      | Reached XP level 1. HP: 14/14 MP: 3/3
   173 | D:1      | Reached XP level 2. HP: 22/22 MP: 0/5
   176 | D:1      | Learned a level 2 spell: Searing Ray
   266 | D:1      | Found a faded altar of an unknown god.
   368 | D:1      | Reached skill level 1 in Fighting
   520 | D:1      | Reached XP level 3. HP: 28/28 MP: 2/6
  1656 | D:2      | Reached XP level 4. HP: 35/35 MP: 2/7
  1783 | D:2      | Learned a level 4 spell: Fulminant Prism
  3054 | D:3      | Reached skill level 5 in Conjurations
  3370 | D:3      | Found a basalt altar of Yredelemnul.
  3426 | D:3      | Reached XP level 5. HP: 29/41 MP: 2/9
  3770 | D:4      | Noticed Robin
  3789 | D:3      | Killed Robin
  4299 | D:4      | Noticed a water moccasin
  4320 | D:5      | Entered Level 5 of the Dungeon
  4492 | D:5      | Reached skill level 1 in Hexes
  4492 | D:5      | Reached XP level 6. HP: 45/50 MP: 5/10
  4497 | D:5      | Learned a level 4 spell: Iskenderun's Mystic Blast
  4586 | D:5      | Noticed Menkaure
  4898 | D:5      | Found a runed translucent gate.
  4899 | D:5      | Found a runed translucent gate.
  4899 | D:5      | Found a runed translucent gate.
  4899 | D:5      | Noticed Nabski's ghost (amateur TeFE)
  4903 | D:5      | Killed Menkaure
  4904 | D:5      | Reached skill level 1 in Translocations
  4904 | D:5      | Your scales start taking on a golden yellow colour.
  4904 | D:5      | Reached XP level 7. HP: 57/57 MP: 5/12
  4904 | D:5      | Gained mutation: You are resistant to acid. (rCorr) [Yellow
                  | Draconian growth]
  4993 | D:5      | Found a glowing drain.
  5017 | Sewer    | Entered a sewer
  5063 | Sewer    | Reached skill level 6 in Conjurations
  5982 | D:5      | Noticed Sigmund
  5994 | D:5      | Killed Sigmund
  6244 | D:5      | Found a staircase to the Ecumenical Temple.
  6257 | D:5      | Reached XP level 8. HP: 66/66 MP: 9/13
  6268 | Temple   | Entered the Ecumenical Temple
  6283 | Temple   | Became a worshipper of Vehumet
  6566 | D:6      | Reached skill level 7 in Conjurations
  6571 | D:6      | Learned a level 4 spell: Sticky Flame
  6699 | D:6      | Reached skill level 1 in Fire Magic
  6724 | D:6      | Found The Oracle's Delphic Readings.
  7193 | D:6      | Found a shimmering blue altar of Sif Muna.
  7292 | D:6      | Noticed a kobold demonologist
  7304 | D:6      | Killed a kobold demonologist
  7305 | D:6      | Reached skill level 5 in Fighting
  7305 | D:6      | Reached skill level 8 in Conjurations
  7305 | D:6      | Reached XP level 9. HP: 51/74 MP: 2/16
  7702 | D:7      | Noticed Duvessa
  7705 | D:7      | Killed Duvessa
  7707 | D:7      | Noticed Dowan
  7865 | D:7      | Killed Dowan
  7866 | D:7      | Reached skill level 5 in Spellcasting
  7954 | D:7      | Reached * piety under Vehumet
  7954 | D:7      | Offered knowledge of Shock by Vehumet.
  8229 | D:7      | Found an ancient bone altar of Kikubaaqudgha.
  8296 | D:7      | Reached skill level 5 in Dodging
  8830 | D:7      | Reached skill level 9 in Conjurations
  9730 | D:8      | Found a blossoming altar of Fedhas.
  9872 | D:9      | Noticed a two-headed ogre
  9885 | D:9      | Killed a two-headed ogre
  9886 | D:9      | Reached XP level 10. HP: 52/84 MP: 14/18
 10114 | D:9      | Reached skill level 10 in Conjurations
 10134 | D:9      | Found a staircase to the Lair.
 10400 | D:9      | Found a broken altar of Ashenzari.
 10486 | D:9      | Found a glowing golden altar of the Shining One.
 10688 | D:9      | Found a shadowy altar of Dithmenos.
 10708 | D:9      | Reached ** piety under Vehumet
 10708 | D:9      | Offered knowledge of Momentum Strike by Vehumet.
 10924 | D:9      | Found a staircase to the Orcish Mines.
 11382 | Orc:1    | Entered Level 1 of the Orcish Mines
 11538 | D:6      | Bought a book of Fire for 420 gold pieces
 11544 | D:6      | Learned a level 5 spell: Fireball
 11603 | D:10     | Entered Level 10 of the Dungeon
 11612 | D:10     | Found a flagged portal.
 11616 | D:10     | Reached skill level 5 in Fire Magic
 11630 | D:10     | Offered knowledge of Stone Arrow by Vehumet.
 11632 | D:10     | Slain by a yak

Illustrated notes

Levels and vault maps discovered:
D:1:      dpeg_arrival_long_road, layout_basic,
          hellmonk_ecumenical_altar_defaced_shrine
D:2:      layout_loops_corners, minmay_fractal_squares_gapless_5
D:3:      layout_basic, nicolae_yredelemnul_corpse_copse
D:4:      layout_cave_pods, uniq_robin
D:5:      layout_loops_cross, temple_statues, cheibrodos_sewer_entry_bend,
          ebering_ghost_rock_garden, uniq_menkaure, uniq_sigmund
D:6:      layout_basic, mainiacjoe_overflow_six_doors_small,
          nicolae_nh_oracle_at_delphi
D:7:      layout_basic, mainiacjoe_overflow_24_doors, st_stairs_4, uniq_duvessa
D:8:      layout_loops_ring, fedhas_altar_fruit_tree, st_stairs_6
D:9:      layout_roguey, nicolae_tso_carved_into_rock,
          grunt_dithmenos_smoke_and_mirrors, evilmike_ruin_ashenzari,
          due_lair_maze_entry_diamond, david_orc_2, dk_rats_in_the_wall
D:10:     wad_guarded_room, layout_basic, kennysheep_slug_shrine,
          enter_bailey_2, minmay_strange_pillars, uniq_erolcha
Temple:   eino_temple_lava
Orc:1:    minmay_goldmine, layout_caves

Skill      XL: |  1  2  3  4  5  6  7  8  9 10 |
---------------+-------------------------------+-----
Dodging        | 2 3 4 5 6 |  6.4
Fighting       | 1 2 3 5 6 7 |  7.2
Conjurations   | 5 6 8 9 10 | 10.6
Spellcasting   | 3 4 5 6 |  6.5
Hexes          | 1 2 |  2.0
Translocations | 1 2 |  2.0
Fire Magic     | 2 4 5 |  5.4
Stealth        | |  1.7

Action                     |  1- 3 |  4- 6 |  7- 9 | 10-12 || total
---------------------------+-------+-------+-------+-------++-------
  Melee: Spear             |    65 |    32 |     2 |       ||    99
         Tailslap          |     7 |     4 |     7 |     8 ||    26
         Punch             |     1 |       |       |       ||     1
         Halberd           |       |       |   100 |    57 ||   157
   Cast: Magic Dart        |    52 |    67 |    60 |       ||   179
         Searing Ray       |     8 |    29 |    23 |     3 ||    63
         Sticky Flame      |       |       |    26 |    21 ||    47
         Iskenderun's Myst |       |       |     1 |     6 ||     7
         Fireball          |       |       |       |     2 ||     2
Ability: Breathe Acid      |       |       |    17 |     7 ||    24
  Evoke: Wand              |       |       |     2 |       ||     2
    Use: Scroll            |     5 |     3 |     4 |     4 ||    16
         Potion            |       |       |     1 |       ||     1
   Stab: Sleeping          |       |       |     1 |       ||     1
 Armour: Skin              |    21 |    14 |    53 |    41 ||   129
  Dodge: Dodged            |    63 |    39 |   182 |   116 ||   400

Table legend: (Time is in decaauts)
 A = Elapsed time spent in this place.
 B = Non-inter-level travel time spent in this place.
 C = Inter-level travel time spent in this place.
 D = Time resting spent in this place.
 E = Time spent auto-exploring this place.
 F = Levels seen in this place.
 G = Mean time per level.
                   A        B        C        D        E       F      G
               +--------+--------+--------+--------+--------+-----+--------+
         Total |  11761 |  11341 |    420 |   1143 |   8539 |  13 |  904.7 |
       Dungeon |  10927 |  10533 |    394 |   1043 |   7981 |  10 | 1092.7 |
        Temple |     24 |     16 |      8 |      0 |      0 |   1 |   24.0 |
  Orcish Mines |     58 |     40 |     18 |      0 |      3 |   1 |   58.0 |
         Sewer |    750 |    750 |      0 |    100 |    555 |   1 |  750.0 |
               +--------+--------+--------+--------+--------+-----+--------+

Top non-repeatable levels by time:
     D:9: 1602 daAuts
     D:2: 1474 daAuts
     D:5: 1442 daAuts
     D:6: 1437 daAuts
     D:1: 1278 daAuts
     D:3: 1164 daAuts
     D:7: 1135 daAuts
     D:8: 951 daAuts
   Sewer: 750 daAuts
     D:4: 412 daAuts
   Orc:1: 58 daAuts
    D:10: 28 daAuts
  Temple: 24 daAuts
